AAA
FLUSHING CHIEFS @ FLAGSTAFF FLYERS
05/30/2060
 
TOP OF THE 1ST
Flushing Chiefs batting - Pitching for Flagstaff Flyers : RHP Carlo Sanford
Pitching: RHP Carlo Sanford
Batting: RHB Venric Udaka 0-0: Called Strike
0-1: Ground out 6-3 (Groundball, 6, EV 82.5 MPH)
Batting: RHB Wyatt Steinauer 0-0: Called Strike
0-1: Ball
1-1: Foul Ball, location: 2F
1-2: Strikes out swinging
Batting: RHB Adrien Mondragon 0-0: Ball
1-0: Called Strike
1-1: TRIPLE (Flyball, 78XD, EV 100.6 MPH)
Batting: SHB Martavious Visser 0-0: DOUBLE (Line Drive, 89D, EV 110.0 MPH)
Adrien Mondragon scores
Batting: RHB Shawn Clark 0-0: Foul Ball, location: 2F
0-1: Foul Ball, location: 2F
0-2: Foul Ball, location: 2F
0-2: Ball
1-2: Foul Ball, location: 2F
1-2: SINGLE (Groundball, 6MD, EV 96.9 MPH)
Martavious Visser to third
Runner from 3rd tries for Home, throw by CF and OUT! 8-2
Top of the 1st over - 1 run, 3 hits, 0 errors, 1 left on base; Flushing 1 - Flagstaff 0
BOTTOM OF THE 1ST
Flagstaff Flyers batting - Pitching for Flushing Chiefs : LHP Sherwin Kendrick
Pitching: LHP Sherwin Kendrick
Batting: LHB Billy Jensen 0-0: Fly out, F8 (Flyball, 89M, EV 93.8 MPH)
Batting: RHB Cooper Shoulders 0-0: SINGLE (Groundball, 6S, EV 71.2 MPH) (infield hit)
Batting: RHB Scott McDonald 0-0: Ball
1-0: Ball
2-0: Called Strike
2-1: Ball
3-1: Base on Balls
Cooper Shoulders to second
Batting: RHB Cliff Passarelli 0-0: Foul Ball, location: 2F
0-1: Called Strike
0-2: Fly out, F7 (Flyball, 7, EV 84.4 MPH)
Batting: SHB Josiah Swallow 0-0: Ball
1-0: Swinging Strike
1-1: Called Strike
1-2: Strikes out swinging
Bottom of the 1st over - 0 runs, 1 hit, 0 errors, 2 left on base; Flushing 1 - Flagstaff 0
TOP OF THE 2ND
Flushing Chiefs batting - Pitching for Flagstaff Flyers : RHP Carlo Sanford
Batting: RHB Dalton Kraut 0-0: Called Strike
0-1: SINGLE (Groundball, 56S, EV 74.4 MPH) (infield hit)
Batting: RHB Mason Dvorak 0-0: Ball
1-0: Swinging Strike
1-1: DOUBLE (Line Drive, 78D, EV 98.8 MPH)
Dalton Kraut to third
Batting: RHB Vance Thompson 0-0: Called Strike
0-1: Foul Ball, location: 2F
0-2: Fly out, F4 (Popup, 4M, EV 66.2 MPH)
Batting: RHB Mustafa Macias 0-0: Ball
1-0: Ball
2-0: Called Strike
2-1: Ball
3-1: Foul Ball, location: 2F
3-2: Foul Ball, location: 2F
3-2: Base on Balls
Batting: RHB Venric Udaka 0-0: Called Strike
0-1: Ball
1-1: Ball
2-1: DOUBLE (Line Drive, 89D, EV 108.1 MPH)
Dalton Kraut scores
Mason Dvorak scores
Mustafa Macias to third
Batting: RHB Wyatt Steinauer 0-0: Called Strike
0-1: Called Strike
0-2: Ball
1-2: Strikes out looking
Batting: RHB Adrien Mondragon 0-0: Called Strike
0-1: Ball
1-1: Called Strike
1-2: Strikes out swinging
Top of the 2nd over - 2 runs, 3 hits, 0 errors, 2 left on base; Flushing 3 - Flagstaff 0
BOTTOM OF THE 2ND
Flagstaff Flyers batting - Pitching for Flushing Chiefs : LHP Sherwin Kendrick
Batting: RHB Cole Segal 0-0: Swinging Strike
0-1: Ball
1-1: Called Strike
1-2: Strikes out swinging
Batting: SHB Maliik Pettiford 0-0: Reached via error on a dropped throw from 1B, E1 (Groundball, 34, EV 105.0 MPH)
Batting: RHB Tom Matson 0-0: Ball
1-0: Swinging Strike
1-1: Grounds into double play, 5-4-3 (Groundball, 5, EV 93.1 MPH)
Bottom of the 2nd over - 0 runs, 0 hits, 1 error, 0 left on base; Flushing 3 - Flagstaff 0
TOP OF THE 3RD
Flushing Chiefs batting - Pitching for Flagstaff Flyers : RHP Carlo Sanford
Batting: SHB Martavious Visser 0-0: Ball
1-0: Ball
2-0: Foul Ball, location: 2F
2-1: Ball
3-1: Foul Ball, location: 2F
3-2: Base on Balls
Batting: RHB Shawn Clark 0-0: Ball
Martavious Visser steals 2nd base
1-0: Ball
2-0: SINGLE (Line Drive, 4MD, EV 96.2 MPH)
Martavious Visser to third
Runner from 3rd tries for Home, SAFE, throw by CF to home
Batting: RHB Dalton Kraut 0-0: Ball
1-0: Called Strike
1-1: Called Strike
1-2: Strikes out looking
Batting: RHB Mason Dvorak 0-0: Called Strike
0-1: Ball
1-1: Ball
2-1: Swinging Strike
2-2: SINGLE (Line Drive, 7S, EV 106.9 MPH)
Shawn Clark to second
Batting: RHB Vance Thompson 0-0: Ball
1-0: Called Strike
1-1: Foul Ball, location: 2F
1-2: Strikes out swinging
Batting: RHB Mustafa Macias 0-0: Called Strike
0-1: Fly out, F7 (Line Drive, 7D, EV 86.2 MPH)
Top of the 3rd over - 1 run, 2 hits, 0 errors, 2 left on base; Flushing 4 - Flagstaff 0
BOTTOM OF THE 3RD
Flagstaff Flyers batting - Pitching for Flushing Chiefs : LHP Sherwin Kendrick
Batting: RHB Timon Angeles 0-0: Ball
1-0: Fly out, F9 (Line Drive, 89M, EV 88.1 MPH)
Batting: LHB Billy Jensen 0-0: Foul Ball, location: 2F
0-1: Ball
1-1: Ball
2-1: Foul Ball, location: 2F
2-2: Foul Ball, location: 2F
2-2: Foul Ball, location: 2F
2-2: Ball
3-2: Foul Ball, location: 2F
3-2: Ground out 3-1 (Groundball, 34S, EV 86.2 MPH)
Batting: RHB Cooper Shoulders 0-0: Called Strike
0-1: Ball
1-1: Ball
2-1: Swinging Strike
2-2: SINGLE (Line Drive, 5D, EV 102.5 MPH)
Batting: RHB Scott McDonald 0-0: Called Strike
0-1: Called Strike
0-2: Ball
1-2: Strikes out swinging
Bottom of the 3rd over - 0 runs, 1 hit, 0 errors, 1 left on base; Flushing 4 - Flagstaff 0
TOP OF THE 4TH
Flushing Chiefs batting - Pitching for Flagstaff Flyers : RHP Carlo Sanford
Batting: RHB Venric Udaka 0-0: Ball
1-0: Ball
2-0: Ball
3-0: Called Strike
3-1: Foul Ball, location: 2F
3-2: Fly out, F7 (Line Drive, 78M, EV 111.2 MPH)
Batting: RHB Wyatt Steinauer 0-0: Called Strike
0-1: Ball
1-1: Ball
2-1: Ball
3-1: Base on Balls
Batting: RHB Adrien Mondragon 0-0: Swinging Strike
0-1: Swinging Strike
0-2: Foul Ball, location: 2F
0-2: Foul Ball, location: 2F
0-2: Strikes out swinging
Batting: SHB Martavious Visser 0-0: Called Strike
0-1: Swinging Strike
0-2: Fly out, F8 (Flyball, 8RD, EV 90.0 MPH)
Top of the 4th over - 0 runs, 0 hits, 0 errors, 1 left on base; Flushing 4 - Flagstaff 0
BOTTOM OF THE 4TH
Flagstaff Flyers batting - Pitching for Flushing Chiefs : LHP Sherwin Kendrick
Batting: RHB Cliff Passarelli 0-0: Ball
1-0: Foul Ball, location: 2F
1-1: Foul Ball, location: 2F
1-2: Ball
2-2: Ground out 4-3 (Groundball, 4, EV 90.6 MPH)
Batting: SHB Josiah Swallow 0-0: Ball
1-0: Ball
2-0: Ground out 4-3 (Groundball, 34, EV 87.5 MPH)
Batting: RHB Cole Segal 0-0: Ball
1-0: Swinging Strike
1-1: Ball
2-1: Swinging Strike
2-2: SINGLE (Line Drive, 8RS, EV 93.1 MPH)
Batting: SHB Maliik Pettiford 0-0: Ball
1-0: Ball
2-0: Fly out, F8 (Line Drive, 8RD, EV 91.2 MPH)
Bottom of the 4th over - 0 runs, 1 hit, 0 errors, 1 left on base; Flushing 4 - Flagstaff 0
TOP OF THE 5TH
Flushing Chiefs batting - Pitching for Flagstaff Flyers : RHP Carlo Sanford
Batting: RHB Shawn Clark 0-0: Ball
1-0: Ball
2-0: Ground out 4-3 (Groundball, 4, EV 88.1 MPH)
Batting: RHB Dalton Kraut 0-0: Ball
1-0: Foul Ball, location: 2F
1-1: Swinging Strike
1-2: Fly out, F9 (Flyball, 89D, EV 79.4 MPH)
Batting: RHB Mason Dvorak 0-0: Foul Ball, location: 2F
0-1: Swinging Strike
0-2: Strikes out looking
Top of the 5th over - 0 runs, 0 hits, 0 errors, 0 left on base; Flushing 4 - Flagstaff 0
BOTTOM OF THE 5TH
Flagstaff Flyers batting - Pitching for Flushing Chiefs : LHP Sherwin Kendrick
Batting: RHB Tom Matson 0-0: Foul Ball, location: 2F
0-1: Ball
1-1: Fly out, F9 (Flyball, 89M, EV 90.0 MPH)
Batting: RHB Timon Angeles 0-0: Ball
1-0: Foul Ball, location: 2F
1-1: Called Strike
1-2: Strikes out swinging
Batting: LHB Billy Jensen 0-0: Ball
1-0: Ball
2-0: Called Strike
2-1: Called Strike
2-2: Ball
3-2: Strikes out swinging
Bottom of the 5th over - 0 runs, 0 hits, 0 errors, 0 left on base; Flushing 4 - Flagstaff 0
TOP OF THE 6TH
Flushing Chiefs batting - Pitching for Flagstaff Flyers : RHP Carlo Sanford
Pitching: LHP Jesse Easterling
Batting: RHB Vance Thompson 0-0: Ball
1-0: Ground out 6-3 (Groundball, 6S, EV 83.1 MPH)
Batting: RHB Mustafa Macias 0-0: Called Strike
0-1: Foul Ball, location: 2F
0-2: Ball
1-2: Foul Ball, location: 2F
1-2: Foul Ball, location: 2F
1-2: Ball
2-2: Foul Ball, location: 2F
2-2: Strikes out looking
Batting: RHB Venric Udaka 0-0: Ball
1-0: Foul Ball, location: 2F
1-1: Ball
2-1: Called Strike
2-2: Strikes out swinging
Top of the 6th over - 0 runs, 0 hits, 0 errors, 0 left on base; Flushing 4 - Flagstaff 0
BOTTOM OF THE 6TH
Flagstaff Flyers batting - Pitching for Flushing Chiefs : LHP Sherwin Kendrick
Batting: RHB Cooper Shoulders 0-0: Ball
1-0: Fly out, F9 (Flyball, 9D, EV 97.5 MPH)
Batting: RHB Scott McDonald 0-0: Ball
1-0: Called Strike
1-1: Ball
2-1: Foul Ball, location: 2F
2-2: Strikes out swinging
Batting: RHB Cliff Passarelli 0-0: Swinging Strike
0-1: Ball
1-1: Called Strike
1-2: Foul Ball, location: 2F
1-2: Ball
2-2: Ball
3-2: Foul Ball, location: 2F
3-2: Strikes out looking
Bottom of the 6th over - 0 runs, 0 hits, 0 errors, 0 left on base; Flushing 4 - Flagstaff 0
TOP OF THE 7TH
Flushing Chiefs batting - Pitching for Flagstaff Flyers : LHP Jesse Easterling
Batting: RHB Wyatt Steinauer 0-0: Ball
1-0: Foul Ball, location: 2F
1-1: Foul Ball, location: 2F
1-2: Strikes out looking
Batting: RHB Adrien Mondragon 0-0: Foul Ball, location: 2F
0-1: SINGLE (Flyball, 89S, EV 95.6 MPH)
Batting: SHB Martavious Visser 0-0: Called Strike
0-1: Ball
1-1: Ball
2-1: Foul Ball, location: 2F
2-2: Fly out, F7 (Flyball, 78M, EV 95.0 MPH)
Pitching: LHP Roberto Burris
Batting: RHB Shawn Clark 0-0: Called Strike
0-1: Ball
1-1: Foul Ball, location: 2F
1-2: Foul Ball, location: 2F
1-2: Ball
2-2: Strikes out swinging
Top of the 7th over - 0 runs, 1 hit, 0 errors, 1 left on base; Flushing 4 - Flagstaff 0
BOTTOM OF THE 7TH
Flagstaff Flyers batting - Pitching for Flushing Chiefs : LHP Sherwin Kendrick
Batting: SHB Josiah Swallow 0-0: Ball
1-0: Called Strike
1-1: Foul Ball, location: 2F
1-2: Foul Ball, location: 2F
1-2: Ball
2-2: Fly out, F9 (Line Drive, 9LS, EV 105.6 MPH)
Batting: RHB Cole Segal 0-0: Ball
1-0: Ground out 5-3 (Groundball, 56, EV 101.9 MPH)
Batting: SHB Maliik Pettiford 0-0: Ball
1-0: Foul Ball, location: 2F
1-1: Called Strike
1-2: Ball
2-2: Foul Ball, location: 2F
2-2: Strikes out swinging, 2-3 out at first.
Bottom of the 7th over - 0 runs, 0 hits, 0 errors, 0 left on base; Flushing 4 - Flagstaff 0
TOP OF THE 8TH
Flushing Chiefs batting - Pitching for Flagstaff Flyers : LHP Roberto Burris
Batting: RHB Dalton Kraut 0-0: Foul Ball, location: 2F
0-1: Swinging Strike
0-2: Strikes out swinging
Batting: RHB Mason Dvorak 0-0: Foul Ball, location: 2F
0-1: Foul Ball, location: 2F
0-2: Ground out 4-3 (Groundball, 34, EV 83.8 MPH)
Batting: RHB Vance Thompson 0-0: Ball
1-0: Ball
2-0: Ball
3-0: Called Strike
3-1: Ground out 5-3 (Groundball, 56, EV 93.1 MPH)
Top of the 8th over - 0 runs, 0 hits, 0 errors, 0 left on base; Flushing 4 - Flagstaff 0
BOTTOM OF THE 8TH
Flagstaff Flyers batting - Pitching for Flushing Chiefs : LHP Sherwin Kendrick
Batting: RHB Tom Matson 0-0: Called Strike
0-1: Called Strike
0-2: Foul Ball, location: 2F
0-2: Ball
1-2: Foul Ball, location: 2F
1-2: Foul Ball, location: 2F
1-2: Foul Ball, location: 2F
1-2: SINGLE (Line Drive, 4D, EV 95.6 MPH)
Pitching: RHP Dane Wines
Pinch Hitting: LHB Shawn Tuttle 0-0: Ball
1-0: Foul Ball, location: 2F
1-1: Ball
2-1: Ball
3-1: Base on Balls
Tom Matson to second
Batting: LHB Billy Jensen 0-0: Called Strike
0-1: Foul Ball, location: 2F
0-2: Strikes out looking
Batting: RHB Cooper Shoulders 0-0: Called Strike
0-1: Called Strike
0-2: Fly out, F9 (Flyball, 9LM, EV 97.5 MPH)
Runner from 2nd tags up, OUT at 3rd! 9-5
Bottom of the 8th over - 0 runs, 1 hit, 0 errors, 1 left on base; Flushing 4 - Flagstaff 0
TOP OF THE 9TH
Flushing Chiefs batting - Pitching for Flagstaff Flyers : LHP Roberto Burris
Now at SS: Oscar McKinney
Batting: RHB Mustafa Macias 0-0: Ball
1-0: Fly out, F8 (Flyball, 89D, EV 91.9 MPH)
Batting: RHB Venric Udaka 0-0: Ball
1-0: Foul Ball, location: 2F
1-1: Ball
2-1: Swinging Strike
2-2: Strikes out looking
Batting: RHB Wyatt Steinauer 0-0: Ball
1-0: Foul Ball, location: 2F
1-1: SINGLE (Line Drive, 7LS, EV 106.2 MPH)
Pitching: LHP Da'Shonte Ruvelas
Batting: RHB Adrien Mondragon 0-0: Foul Ball, location: 2F
0-1: Called Strike
0-2: Ball
1-2: Strikes out looking
Top of the 9th over - 0 runs, 1 hit, 0 errors, 1 left on base; Flushing 4 - Flagstaff 0
BOTTOM OF THE 9TH
Flagstaff Flyers batting - Pitching for Flushing Chiefs : RHP Dane Wines
Batting: RHB Scott McDonald 0-0: Ball
1-0: Called Strike
1-1: Called Strike
1-2: Foul Ball, location: 2F
1-2: Foul Ball, location: 2F
1-2: Foul Ball, location: 2F
1-2: Ball
2-2: Foul Ball, location: 2F
2-2: Strikes out looking
Batting: RHB Cliff Passarelli 0-0: Foul Ball, location: 2F
0-1: Ball
1-1: Ground out 6-3 (Groundball, 6, EV 88.1 MPH)
Batting: SHB Josiah Swallow 0-0: Ball
1-0: Called Strike
1-1: Foul Ball, location: 2F
1-2: Foul Ball, location: 2F
1-2: Ball
2-2: Strikes out swinging
Bottom of the 9th over - 0 runs, 0 hits, 0 errors, 0 left on base; Flushing 4 - Flagstaff 0
Friday, May 3rd , 2024 - OOTP Baseball 23.10 Build 110